 Dungeon Crawl Stone Soup version 0.29-a0-322-g68df515428 (webtiles) character file.

Game seed: 10022165012447476076

1434 Murumi the Covert (level 8, 0/46 HPs)
             Began as a Vampire Enchanter on Apr 9, 2022.
             Slain by an ogre
             ... wielding a +0 giant club
              (28 damage)
             ... on level 7 of the Dungeon.
             The game lasted 00:16:21 (6007 turns).

Murumi the Covert (Vampire Enchanter)               Turns: 6007, Time: 00:16:21

Health: 0/46       AC:  4    Str:  7    XL:     8   Next: 45%
Magic:  10/12      EV: 13    Int: 17    God:
Gold:   339        SH:  0    Dex: 17    Spells: 5/13 levels left

rFire   . . .      SeeInvis +   a - +2 dagger
rCold   + + .      Faith    .   f - orb {guile}
rNeg    + + +      Spirit   .   b - +1 robe
rPois   ∞          Reflect  .   (no helmet)
rElec   +          Harm     .   t - scarf {shadows}
rCorr   .          Rampage  .   (no gloves)
Will    .....                   i - +0 pair of boots
Stlth   +++++++...              o - amulet of regeneration
HPRegen 0.00/turn               s - ring "Zuadi" {rElec Slay+4}
MPRegen 0.13/turn               (no ring)

@: bloodless, inhibited regen
A: bloodless, fangs 3, see invisible, vampiric 2
a: Bat Form, Revivify


You were on level 7 of the Dungeon.
You visited 1 branch of the dungeon, and saw 7 of its levels.

You collected 339 gold pieces.

Inventory:

Hand Weapons
 a - a +2 dagger (weapon)
Armour
 b - a +1 robe (worn)
 f - an orb of guile (worn)
 i - a +0 pair of boots (worn)
 t - a scarf of shadows (worn)
Jewellery
 o - an amulet of regeneration (around neck)
 s - the ring "Zuadi" (left hand) {rElec Slay+4}
   (You found it on level 5 of the Dungeon)

   [ring of slaying]

   Slay:      It affects your accuracy & damage with ranged weapons and melee
   (+4).
   rElec:     It insulates you from electricity.
Wands
 j - a wand of paralysis (10)
 n - a wand of flame (28)
Scrolls
 e - a scroll of blinking
 g - 3 scrolls of teleportation
 m - a scroll of magic mapping
 r - a scroll of fog
Potions
 c - a potion of invisibility
 d - a potion of cancellation
 h - a potion of ambrosia
 k - 2 potions of brilliance
 l - a potion of resistance
 p - a potion of curing {unknown}
 q - 2 potions of might


   Skills:
 - Level 3.0 Fighting
 - Level 5.0 Short Blades
 - Level 1.0 Armour
 - Level 3.0 Dodging
 - Level 10.0 Stealth
 - Level 3.0 Spellcasting
 + Level 8.2 Hexes
 - Level 2.0 Ice Magic
 - Level 1.0 Evocations


You had 5 spell levels left.
You knew the following spells:

 Your Spells              Type           Power      Damage    Failure   Level
a - Ensorcelled Hibernat  Hex/Ice        40%        N/A       3%          2
b - Confusing Touch       Hex            30%        N/A       1%          3
c - Tukima's Dance        Hex            30%        N/A       1%          3

Your spell library contained the following spells:

 Spells                   Type           Power      Damage    Failure   Level
 Dazzling Flash           Conj/Hex       32%        N/A       10%         3


Dungeon Overview and Level Annotations

Branches:
Dungeon (7/15)             Temple (0/1) D:7

Altars:
Kikubaaqudgha
Makhleb
Beogh


Innate Abilities, Weirdness & Mutations

You do not regenerate when monsters are visible.
You are frail without blood (-20% HP).
You can heal yourself when you bite living creatures.
You are immune to poison.
You have razor-sharp teeth.
You have supernaturally acute eyesight. (SInv)
You are afflicted with vampirism and can become a bat while bloodless.


Message History

Casting: Ensorcelled Hibernation (safe; 3% risk of failure)
Confirm with . or Enter, or press ? or * to list all spells.
Okay, then.
Casting: Ensorcelled Hibernation (safe; 3% risk of failure)
Confirm with . or Enter, or press ? or * to list all spells.
Aiming: Ensorcelled Hibernation (safe; 3% risk of failure)
Press: ? - help, Shift-Dir - straight line, f - orc wizard
Aim: an orc wizard, wielding a +0 dagger and wearing a +1 robe of willpower (lightly wounded, unusually resistant, slightly transparent, not susceptible)
Okay, then.
Casting: Ensorcelled Hibernation (safe; 3% risk of failure)
Confirm with . or Enter, or press ? or * to list all spells.
Your hands begin to glow red.
The orc wizard hits you with a +0 dagger.
You hit the orc wizard but do no damage.
The orc wizard is lightly wounded.
The orc wizard points at you and mumbles some strange words.
The magic dart hits you.
You hit the orc wizard but do no damage.
The orc wizard appears confused.
The orc wizard is lightly wounded.
Something hits the ogre.
A howler monkey comes into view.
There is a stone staircase leading up here.
You climb upwards.
There is a stone staircase leading down here.
You climb downwards.
There is a stone staircase leading up here.
You climb upwards.
There is a stone staircase leading down here.
You start resting.
HP restored.
You start resting.
Magic restored.
You climb downwards.
The ogre hits you with a +0 giant club!!
There is a stone staircase leading up here.
The ogre resists with significant effort.
The ogre hits you with a +0 giant club!!
Ouch! That really hurt!
You die...

###..O.......#
#..............
#.#..........###
#.##.........#
#.####.......#
#.# ###..####
#.# ...
#.#####O#
#.....@.#
#.####### ###
..# #.# #.#
#.#### #<....
######


You could see an ogre.

Vanquished Creatures
  The ghost of hofbold the Ducker, a novice DjVM (D:5)
  A water moccasin (D:6)
  An orc warrior (D:5)
  An ogre (D:5)
  3 phantoms
  Blork the orc (D:4)
  2 scorpions
  A howler monkey (D:5)
  A jelly (D:6)
  2 orc priests (D:5)
  3 hounds
  Crazy Yiuf (D:3)
  Natasha (thrice) (D:4)
  An orc wizard (D:6)
  3 adders
  2 white imps (D:6)
  A worm (D:2)
  A dart slug (D:1)
  18 orcs
  4 endoplasms
  6 goblins
  8 hobgoblins
  4 jackals
  6 quokkas
  7 ball pythons
  4 bats
  5 frilled lizards
  5 kobolds
  5 rats
101 creatures vanquished.

Vanquished Creatures (others)
  A fungus (D:3)
1 creature vanquished.

Grand Total: 102 creatures vanquished

Notes
Turn   | Place    | Note
-------+----------+-------------------------------------------
     0 | D:1      | Murumi the Vampire Enchanter began the quest for the Orb.
     0 | D:1      | Reached XP level 1. HP: 13/13 MP: 3/3
    49 | D:1      | Reached skill level 5 in Stealth
   278 | D:1      | Reached XP level 2. HP: 15/15 MP: 5/5
   306 | D:1      | Learned a level 2 spell: Ensorcelled Hibernation
   561 | D:1      | Reached skill level 5 in Hexes
  1028 | D:1      | Gained mutation: You are afflicted with vampirism and can
                  | become a bat while bloodless. [Vampire growth]
  1028 | D:1      | Reached XP level 3. HP: 19/19 MP: 1/6
  1394 | D:2      | Reached skill level 1 in Fighting
  2056 | D:3      | Reached skill level 1 in Ice Magic
  2213 | D:3      | Found a faded altar of an unknown god.
  2356 | D:3      | Found an ancient bone altar of Kikubaaqudgha.
  2367 | D:3      | Reached XP level 4. HP: 25/25 MP: 7/7
  2511 | D:3      | Found a runed translucent door.
  2512 | D:3      | Noticed Crazy Yiuf
  2519 | D:3      | Killed Crazy Yiuf
  2719 | D:4      | Noticed a phantom
  2773 | D:4      | Killed a phantom
  2774 | D:4      | Reached skill level 6 in Stealth
  2774 | D:4      | Reached XP level 5. HP: 12/30 MP: 8/8
  2778 | D:4      | Learned a level 3 spell: Confusing Touch
  2782 | D:4      | Learned a level 3 spell: Tukima's Dance
  3032 | D:4      | Noticed Natasha
  3039 | D:4      | Killed Natasha
  3068 | D:4      | Reached skill level 1 in Armour
  3104 | D:4      | Noticed Blork the orc
  3111 | D:4      | Killed Blork the orc
  3112 | D:4      | Reached skill level 7 in Stealth
  3112 | D:4      | Reached XP level 6. HP: 35/35 MP: 6/9
  3364 | D:4      | Noticed Natasha
  3371 | D:4      | Killed Natasha
  3578 | D:4      | Noticed Natasha
  3583 | D:4      | Killed Natasha
  3733 | D:5      | Entered Level 5 of the Dungeon
  3844 | D:5      | Reached skill level 1 in Evocations
  3937 | D:5      | Reached skill level 8 in Stealth
  3997 | D:5      | Found a runed translucent gate.
  3997 | D:5      | Found a runed translucent gate.
  3997 | D:5      | Found a runed translucent gate.
  3999 | D:5      | Noticed an orc warrior
  4000 | D:5      | Noticed hofbold's ghost (novice DjVM)
  4004 | D:5      | Identified the +1 leather armour of the Wary Mice {*Slow
                  | rCorr Dex+3}
  4033 | D:5      | Reached XP level 7. HP: 40/40 MP: 10/10
  4420 | D:5      | Identified the ring "Zuadi" {rElec Slay+4}
  4442 | D:5      | Found a burning altar of Makhleb.
  4630 | D:5      | Killed hofbold's ghost
  4631 | D:5      | Reached XP level 8. HP: 29/46 MP: 1/12
  4869 | D:6      | Reached skill level 9 in Stealth
  5533 | D:6      | Reached skill level 5 in Short Blades
  5593 | D:6      | Reached skill level 10 in Stealth
  5801 | D:7      | Found a staircase to the Ecumenical Temple.
  6007 | D:7      | Slain by an ogre

Illustrated notes

Levels and vault maps discovered:
D:1:      dpeg_arrival_orchard, layout_basic
D:2:      layout_rooms, grunt_ministairs_6, nicolae_elevator_lobby_asterisk
D:3:      layout_rooms, mainiacjoe_overflow_tiny_flanked,
          shapermc_ecumenical_altar_petra, uniq_crazy_yiuf_cottage
D:4:      layout_basic, uniq_natasha, uniq_blork_the_orc
D:5:      layout_loops_ring, lightli_temple_of_fire, biasface_ghost_orc_armoury
D:6:      layout_loops_corners
D:7:      layout_loops_ring, minmay_temple_entry_arrows

Skill      XL: |  1  2  3  4  5  6  7  8 |
---------------+-------------------------+-----
Stealth        | 5 6 7 8 10 | 10.0
Short Blades   | 2 3 4 5 |  5.0
Hexes          | 5 6 8 |  8.2
Dodging        | 3 |  3.0
Fighting       | 1 2 3 |  3.0
Ice Magic      | 1 2 |  2.0
Armour         | 1 |  1.0
Evocations     | 1 |  1.0
Spellcasting   | 3 |  3.0

Action                   |  1- 3 |  4- 6 |  7- 9 || total
-------------------------+-------+-------+-------++-------
Melee: Dagger            |    62 |    47 |    64 ||   173
       Bite              |     4 |     1 |     2 ||     7
 Cast: Ensorcelled Hiber |    23 |    10 |    24 ||    57
       Confusing Touch   |       |       |     3 ||     3
 Abil: Exsanguinate      |     1 |       |       ||     1
  Use: Scroll            |     9 |     2 |     3 ||    14
       Potion            |       |     1 |     1 ||     2
 Stab: Sleeping          |    37 |    20 |    20 ||    77
       Distracted        |     1 |       |       ||     1
       Invisible         |       |     2 |     6 ||     8
       Confused          |       |       |     1 ||     1
Armor: Robe              |     4 |     5 |     3 ||    12
Dodge: Dodged            |    29 |    17 |    22 ||    68

Table legend: (Time is in decaauts)
 A = Elapsed time spent in this place.
 B = Non-inter-level travel time spent in this place.
 C = Inter-level travel time spent in this place.
 D = Time resting spent in this place.
 E = Time spent auto-exploring this place.
 F = Levels seen in this place.
 G = Mean time per level.
                   A        B        C        D        E       F      G
               +--------+--------+--------+--------+--------+-----+--------+
         Total |   5993 |   5382 |    611 |    127 |   4378 |   7 |  856.1 |
       Dungeon |   5993 |   5382 |    611 |    127 |   4378 |   7 |  856.1 |
               +--------+--------+--------+--------+--------+-----+--------+

Top non-repeatable levels by time:
     D:4: 1214 daAuts
     D:1: 1174 daAuts
     D:6: 1066 daAuts
     D:5: 1012 daAuts
     D:3: 766 daAuts
     D:2: 677 daAuts
     D:7: 82 daAuts
